 Dungeon Crawl Stone Soup version 0.31-a0-1225-g50297eb6a4 (webtiles) character file.

Game seed: 259773992941244948

215 Dirtsage the Caller (level 5, -1/30 (34) HPs)
             Began as an Octopode Summoner on Dec 14, 2023.
             Slain by a water moccasin (5 damage)
             ... on level 4 of the Dungeon.
             The game lasted 00:06:06 (2573 turns).

Dirtsage the Caller (Octopode Summoner)             Turns: 2573, Time: 00:06:07

HP:   -1/30 (34)    AC:  1    Str:  8    XL:     5   Next: 92%
MP:   8/8           EV: 13    Int: 17    God:
Gold: 171           SH:  0    Dex: 20    Spells: 2/8 levels left

rFire   . .          .
                       - Unarmed
rCold   + . .        (no shield)
rNeg    . . .        (helmet restricted)
rPois   .            b - amulet of magic regeneration
rElec   .            I - ring of protection from cold
rCorr   .            i - +6 ring of dexterity
SInv    .            (no ring)
Will    .....        (no ring)
Stlth   +++          (no ring)
HPRegen 0.25/turn    (no ring)
MPRegen 0.51/turn    (no ring)
                     (no ring)

%: no passive effects
@: lethally poisoned (-1 -> -15), heavily drained
A: almost no armour, amphibious, 8 rings, camouflage 1, gelatinous body 1,
(nimble swimmer 1), tentacles
a: no special abilities


You were on level 4 of the Dungeon.
You visited 1 branch of the dungeon, and saw 4 of its levels.

You collected 171 gold pieces.

Inventory:

Magical Staves
 h - a staff of death
Jewellery
 b - an amulet of magic regeneration (around mantle)
 i - a +6 ring of dexterity (right tentacle)
 j - an amulet of the acrobat
 I - a ring of protection from cold (left tentacle)
Talismans
 m - a beast talisman
 n - a flux talisman
 q - a blade talisman
Wands
 t - a wand of flame (16)
Scrolls
 d - 2 scrolls of identify {unknown}
 e - 2 scrolls of fear {unknown}
 f - a scroll of teleportation {unknown}
 g - 4 scrolls of enchant armour {unknown}
 k - a scroll of vulnerability {unknown}
 l - a scroll of silence {unknown}
 o - a scroll of amnesia {unknown}
 r - a scroll of enchant weapon {unknown}
Potions
 a - a potion of magic
 c - a potion of curing {unknown}
 p - 2 potions of degeneration {unknown}
 s - 3 potions of heal wounds {unknown}


   Skills:
 + Level 2.1 Fighting
 - Level 2.0 Dodging
 - Level 2.6 Stealth
 + Level 2.2 Unarmed Combat
 - Level 2.0 Spellcasting
 * Level 5.5 Summonings
 * Level 1.6 Shapeshifting


You had 2 spell levels left.
You knew the following spells:

 Your Spells              Type           Power      Damage    Failure   Level
a - Summon Small Mammal   Summ           80%        N/A       1%          1
b - Call Imp              Summ           40%        N/A       3%          2
c - Call Canine Familiar  Summ           20%        N/A       6%          3

Your spell library contained the following spells:

 Spells                   Type           Power      Damage    Failure   Level
 Apportation              Tloc           2%         N/A       19%         1
 Summon Guardian Golem    Hex/Summ       11%        N/A       19%         3
 Summon Lightning Spire   Summ/Air       11%        N/A       52%         4


Dungeon Overview and Level Annotations

Branches:
Dungeon (4/15)
 Temple: D:4-7

Altars:
Trog

Annotations:
D:4 Grinder


Innate Abilities, Weirdness & Mutations

You cannot wear most types of armour.
You are amphibious.
You can wear up to eight rings at the same time.
Your skin changes colour to match your surroundings (Stealth+).
Your rubbery body absorbs attacks. (AC +1, EV +1)
((You are camouflaged when in or above water. (Stealth+)))
You have tentacles for arms and can constrict up to eight enemies at once.


Message History

Your cerulean imp hits the scorpion from afar with a -2 spear.
The scorpion stings you.
You take 5 damage, and have 25/30 hp.
You tentacle-slap the scorpion but do no damage.
You grab the scorpion.
The scorpion is moderately wounded.
You constrict the scorpion, but do no damage.
You feel very sick.
Your quokka bites the scorpion.
The scorpion stings your quokka but does no damage.
Your cerulean imp hits the scorpion but does no damage.
You take 3 damage, and have 22/30 hp.
You tentacle-slap the scorpion but do no damage.
The scorpion is heavily wounded.
You constrict the scorpion, but do no damage.
You feel sick.
Your quokka bites the scorpion.
The scorpion closely misses you. The water moccasin bites you.
Your cerulean imp hits the scorpion from afar with a -2 spear.
You take 4 damage, and have 18/30 hp.
You are too injured to fight recklessly!
You tentacle-slap the scorpion but do no damage.
The scorpion is severely wounded.
You constrict the scorpion.
You feel sick.
Your quokka completely misses the scorpion.
The water moccasin completely misses you.
The scorpion stings you.
You are lethally poisoned!
The scorpion poisons you!
Your cerulean imp hits the scorpion but does no damage.
You take 3 damage, and have 15/30 hp.
MP restored: 8 You tentacle-slap the scorpion but do no damage.
The scorpion is severely wounded.
You constrict the scorpion.
You feel very sick. The water moccasin bites you!
* * * LOW HITPOINT WARNING * * *
Your quokka bites the scorpion but does no damage.
The scorpion stings your quokka. The water moccasin bites you.
You die...

. # ## .. #.
.## ... #.. ..
....
#...###.#.....
#....S.......
#....@.......
#..5.sr...#..
#.........#
....####.##...#
.## .# .## PP #
..


PPP You could see a water moccasin, a scorpion (distracted, ally target), a
friendly cerulean imp (summoned) and a friendly quokka (summoned).

Vanquished Creatures
  2 adders
  4 gnolls (D:2)
  An orc (D:3)
  An endoplasm (D:4)
  7 goblins
  6 hobgoblins
  4 jackals
  3 quokkas
  2 ball pythons
  3 bats
  A frilled lizard (D:2)
  5 kobolds (D:1)
  6 rats
45 creatures vanquished.

Vanquished Creatures (collateral kills)
  An iguana (D:4)
  Robin (D:3)
  2 gnolls (D:2)
  3 adders
  A worm (D:3)
  An orc (D:3)
  A ball python (D:4)
  2 endoplasms
  A giant cockroach (D:1)
  2 hobgoblins
  4 jackals
  A quokka (D:1)
  A frilled lizard (D:1)
  4 goblins (D:3)
  2 kobolds (D:1)
  A rat (D:2)
28 creatures vanquished.

Vanquished Creatures (others)
  An arcanist (D:3)
1 creature vanquished.

Grand Total: 74 creatures vanquished

Notes
Turn   | Place    | Note
-------+----------+-------------------------------------------
     0 | D:1      | Dirtsage the Octopode Summoner began the quest for the Orb.
     0 | D:1      | Reached XP level 1. HP: 11/11 MP: 3/3
   237 | D:1      | Reached XP level 2. HP: 7/18 MP: 5/5
   297 | D:1      | Learned a level 2 spell: Call Imp
   749 | D:1      | Reached skill level 1 in Unarmed Combat
   838 | D:1      | Reached skill level 1 in Fighting
   878 | D:1      | Reached XP level 3. HP: 23/23 MP: 4/6
  1284 | D:2      | Reached XP level 4. HP: 11/28 MP: 7/7
  1530 | D:2      | Reached skill level 5 in Summonings
  1569 | D:2      | Found a faded altar of an unknown god.
  1594 | D:2      | Got Plato's Collected Works on the Geodesic
  1703 | D:3      | Found a bloodstained altar of Trog.
  1914 | D:3      | Reached XP level 5. HP: 31/34 MP: 8/8
  1943 | D:3      | Noticed Robin
  2075 | D:3      | Learned a level 3 spell: Call Canine Familiar
  2125 | D:3      | Reached skill level 1 in Shapeshifting
  2184 | D:3      | Noticed an arcanist
  2190 | D:3      | Killed an arcanist
  2252 | D:3      | Killed Robin
  2459 | D:4      | Noticed Grinder
  2466 | D:4      | Noticed a phantom
  2569 | D:4      | Noticed a water moccasin
  2573 | D:4      | Slain by a water moccasin

Illustrated notes

Levels and vault maps discovered:
D:1:      roderic_octagonal_star, layout_basic, kennysheep_minor_cross
D:2:      layout_rooms, shapermc_ecumenical_altar_rom_forum
D:3:      layout_rooms, trog_wizard, uniq_robin
D:4:      layout_rooms, general_overflow_altar, hangedman_ru_absence,
          nicolae_overflow_hidden_temple, minmay_hedge_maze, uniq_grinder

Skill      XL: |  1  2  3  4  5 |
---------------+----------------+-----
Unarmed Combat | 1 2 |  2.2
Fighting       | 1 2 |  2.1
Summonings     | 5 |  5.5
Shapeshifting  | 1 |  1.6
Dodging        | |  2.0
Stealth        | |  2.6
Spellcasting   | |  2.0

Action                     |  1- 3 |  4- 6 || total
---------------------------+-------+-------++-------
  Melee: Unarmed           |    70 |    69 ||   139
         Constrict         |    24 |    24 ||    48
         Tentacles         |    17 |    22 ||    39
         Punch             |     1 |     2 ||     3
   Cast: Summon Small Mamm |     8 |    15 ||    23
         Call Imp          |     7 |    12 ||    19
         Call Canine Famil |       |     8 ||     8
   Stab: Sleeping          |     6 |     4 ||    10
         Distracted        |     2 |     2 ||     4
 Armour: Skin              |    33 |    39 ||    72
  Dodge: Dodged            |    43 |    61 ||   104

Table legend: (Time is in decaauts)
 A = Elapsed time spent in this place.
 B = Non-inter-level travel time spent in this place.
 C = Inter-level travel time spent in this place.
 D = Time resting spent in this place.
 E = Time spent auto-exploring this place.
 F = Levels seen in this place.
 G = Mean time per level.
                   A        B        C        D        E       F      G
               +--------+--------+--------+--------+--------+-----+--------+
         Total |   2568 |   2504 |     64 |    139 |   1901 |   4 |  642.0 |
       Dungeon |   2568 |   2504 |     64 |    139 |   1901 |   4 |  642.0 |
               +--------+--------+--------+--------+--------+-----+--------+

Top non-repeatable levels by time:
     D:1: 1268 daAuts
     D:3: 653 daAuts
     D:2: 512 daAuts
     D:4: 133 daAuts
